 Dungeon Crawl Stone Soup version 0.29-a0-322-g68df515428 (webtiles) character file.

Game seed: 4365553965048988409

78 bande the Shield-Bearer (level 4, 0/29 HPs)
             Began as a Gargoyle Fighter on Apr 8, 2022.
             Slain by an orc warrior
             ... wielding a +0 mace
              (8 damage)
             ... on level 3 of the Dungeon.
             The game lasted 00:02:47 (1782 turns).

bande the Shield-Bearer (Gargoyle Fighter)          Turns: 1782, Time: 00:02:47

Health: 0/29       AC: 14    Str: 19    XL:     4   Next: 36%
Magic:  4/4        EV:  7    Int:  9    God:
Gold:   99         SH:  4    Dex: 11    Spells: 3/3 levels left

rFire   . . .      SeeInvis .   a - +1 war axe
rCold   . . .      Faith    .   c - +0 buckler
rNeg    + . .      Spirit   .   g - +0 chain mail
rPois   ∞          Reflect  .   (no helmet)
rElec   +          Harm     .   (no cloak)
rCorr   .          Rampage  .   (no gloves)
Will    .....                   e - +0 pair of boots
Stlth   ..........              (no amulet)
HPRegen 0.09/turn               (no ring)
MPRegen 0.09/turn               (no ring)

@: no status effects
A: sickness immunity, AC +3, negative energy resistance 1, electricity
resistance, torment resistance 1, petrification resistance
a: no special abilities


You were on level 3 of the Dungeon.
You visited 1 branch of the dungeon, and saw 3 of its levels.

You collected 99 gold pieces.

Inventory:

Hand Weapons
 a - a +1 war axe (weapon)
Armour
 c - a +0 buckler (worn)
 e - a +0 pair of boots (worn)
 g - a +0 chain mail (worn)
Potions
 b - a potion of heal wounds {unknown}
 d - a potion of might
 f - a potion of curing
 i - 2 potions of ambrosia


   Skills:
 + Level 3.7 Fighting
 + Level 3.1 Axes
 + Level 3.7 Armour
 + Level 3.8 Shields


You had 3 spell levels left.
You didn't know any spells.
Your spell library was empty.

Dungeon Overview and Level Annotations

Branches:
Dungeon (3/15)

Altars:


Innate Abilities, Weirdness & Mutations

You are immune to sickness and miasma.
Your stone body is resilient. (AC +3)
You are immune to poison.
You resist negative energy. (rN+)
You are resistant to electric shocks. (rElec)
You are resistant to unholy torment.
You are immune to petrification.


Message History

An orc comes into view. It is wielding a +0 flail.
There are monsters nearby!
There are monsters nearby!
An orc comes into view. It is wielding a +0 whip.
Found a stone staircase leading up.
You hit the orc but do no damage. The orc barely misses you.
You block the orc's attack.
You closely miss the orc.
An orc warrior comes into view. It is wielding a +0 mace.
The orc hits you with a +0 flail!
You closely miss the orc.
The orc warrior shouts!
You hit the orc. The orc barely misses you. You block the orc's attack. x2
The orc hits you but does no damage.
You slash the orc!
You kill the orc!
You barely miss the orc. The orc closely misses you.
You hit the orc.
The orc is lightly wounded.
You closely miss the orc. The orc hits you but does no damage. x2
You closely miss the orc.
The orc is lightly wounded.
You hit the orc. You block the orc's attack.
The orc hits you but does no damage. x2
You hit the orc.
The orc is severely wounded.
You hit the orc warrior but do no damage.
The orc warrior hits you with a +0 mace.
The orc hits you with a +0 short sword.
You hit the orc.
You kill the orc!
You hit the orc warrior but do no damage.
An orc wizard comes into view.
It is wielding a +2 dagger of protection.
The orc warrior hits you with a +0 mace!
The orc warrior hits you but does no damage.
The orc hits you with a +0 whip.
* * * LOW HITPOINT WARNING * * *
The orc warrior attacks as you move away!
The orc warrior hits you with a +0 mace!
You die...

#########...##.########
............##.##......
.......................
##############..###.##
##.# #.# #.## #..# ##@#
#.oo# #.#... .. .#.#
... ...o< .... .#.#..
#.... ... #.# #.... #.
# .#


You could see an orc warrior, an orc wizard (wandering) and an orc.

Vanquished Creatures
  A gnoll (D:1)
  2 adders (D:2)
  A worm (D:2)
  2 dart slugs
  2 orcs (D:3)
  5 bats
  5 endoplasms
  2 giant cockroaches (D:1)
  4 goblins
  6 hobgoblins
  5 ball pythons
  2 frilled lizards
  5 rats
42 creatures vanquished.

Vanquished Creatures (others)
  8 plants (D:3)
8 creatures vanquished.

Grand Total: 50 creatures vanquished

Notes
Turn   | Place    | Note
-------+----------+-------------------------------------------
     0 | D:1      | bande the Gargoyle Fighter began the quest for the Orb.
     0 | D:1      | Reached XP level 1. HP: 14/14 MP: 1/1
    88 | D:1      | Reached XP level 2. HP: 18/19 MP: 2/2
   227 | D:1      | Found a faded altar of an unknown god.
   576 | D:1      | Reached XP level 3. HP: 23/23 MP: 3/3
  1266 | D:2      | Reached XP level 4. HP: 28/28 MP: 4/4
  1775 | D:3      | Noticed an orc warrior
  1782 | D:3      | Slain by an orc warrior

Illustrated notes

Levels and vault maps discovered:
D:1:      minmay_arrival_open_corners, layout_rooms,
          ebering_ecumenical_altar_rust
D:2:      layout_loops_ring
D:3:      wad_lake_hut, layout_basic, serial_shops, shop, uniq_ijyb,
          uniq_grinder, uniq_terence

Skill      XL: |  1  2  3  4 |
---------------+-------------+-----
Axes           | 2 3 |  3.1
Fighting       | |  3.7
Armour         | |  3.7
Shields        | |  3.8

Action                   |  1- 3 |  4- 6 || total
-------------------------+-------+-------++-------
Melee: War axe           |   115 |    28 ||   143
  Use: Scroll            |     6 |     3 ||     9
Armor: Scale mail        |    33 |       ||    33
       Chain mail        |    36 |    20 ||    56
Dodge: Dodged            |    54 |    13 ||    67
Block: Buckler           |    31 |     8 ||    39

Table legend: (Time is in decaauts)
 A = Elapsed time spent in this place.
 B = Non-inter-level travel time spent in this place.
 C = Inter-level travel time spent in this place.
 D = Time resting spent in this place.
 E = Time spent auto-exploring this place.
 F = Levels seen in this place.
 G = Mean time per level.
                   A        B        C        D        E       F      G
               +--------+--------+--------+--------+--------+-----+--------+
         Total |   1841 |   1826 |     15 |    250 |   1139 |   3 |  613.7 |
       Dungeon |   1841 |   1826 |     15 |    250 |   1139 |   3 |  613.7 |
               +--------+--------+--------+--------+--------+-----+--------+

Top non-repeatable levels by time:
     D:1: 977 daAuts
     D:2: 762 daAuts
     D:3: 101 daAuts
